Map: Altitude LE

Players

A.I. 1 (Very Easy) - Winner!

  • Race: Zerg Zerg
  • Spawn Location: 7:00

Lonk

  • Race: Terran Terran
  • Spawn Location: 1:00

VOD

Have the link to the VOD?

Description

Time

  • Played on: April 13, 2023, 12:33 a.m.
  • Length: 10:45
Show
View Real Time Build Order
Export as new Build Order

A.I. 1 (Very Easy) Zerg - Winner!

Build Orders: Pool First 

Get SALT Encoding   

  12  0:00  Overlord, Drone  
  12  0:05  Drone  
  14  0:27  Drone  
  14  0:32  Queen  
  14  0:34  Drone  
  14  0:35  Spawning Pool  
  13  0:36  Overlord, Extractor  
  14  0:55  Zergling x2  
  14  1:00  Zergling x2  
  18  1:28  Drone  
  18  1:34  Roach Warren  
  18  1:35  Drone  
  18  1:36  Extractor, Zergling x2  
  17  1:48  Drone  
  19  1:55  Drone  
  20  2:03  Drone  
  21  2:10  Drone  
  21  2:13  Lair  
  22  2:17  Drone  
  23  2:24  Drone  
  24  2:30  Roach  
  25  2:37  Drone  
  25  2:45  Drone  
  28  2:52  Drone  
  29  2:59  Drone  
  30  3:06  Overseer  
  30  3:11  Drone  
  31  3:16  Roach  
  31  3:17  Overseer  
  31  3:18  Drone  
  31  3:25  Drone  
  35  4:03  Roach  
  37  4:35  Overseer  
  37  4:49  Roach  
  39  6:19  Overlord  
  39  6:24  Drone  
  39  6:31  Drone  
  39  6:32  Overseer  
  39  6:34  Hatchery  
  39  6:38  Drone  
  39  6:45  Drone  
  40  6:53  Extractor, Drone  
  40  7:00  Drone  
  41  7:07  Extractor, Drone  
  41  7:14  Drone  
  42  7:21  Drone  
  43  7:28  Drone  
  44  7:36  Drone  
  45  7:43  Drone  
  46  7:50  Drone  
  47  7:57  Drone  
  48  8:04  Drone  
  49  8:11  Drone  
  52  9:22  Pneumatized Carapace  
  52  9:40  Queen  
  52  9:43  Queen  
  52  9:47  Overlord, Queen  
  52  9:50  Queen  
  52  9:52  Queen  
  52  9:54  Drone  
  52  9:55  Overlord, Queen  
  52  9:57  Queen  
  52  10:00  Queen, Zergling x2  
  52  10:03  Overlord, Drone  
  52  10:04  Queen  
  52  10:06  Queen  
  51  10:08  Queen  
  51  10:11  Drone  
  47  10:14  Mutalisk  
  47  10:16  Overseer  
  47  10:18  Drone  
  47  10:19  Spire  
  47  10:26  Drone  
Show
View Real Time Build Order
Export as new Build Order

Lonk Terran 

Build Orders: 1/1/1, Mech, Banshee Rush 

Get SALT Encoding   

  1  0:00  SCV  
  12  0:05  SCV  
  12  0:13  Supply Depot  
  13  0:16  SCV  
  14  0:22  Stimpack  
  14  0:25  Refinery  
  15  0:30  SCV  
  15  0:36  Refinery  
  16  0:43  Combat Shield  
  16  0:51  Orbital Command  
  16  1:00  Barracks  
  16  1:16  SCV x3  
  16  1:18  Terran Infantry Weapons Level 1, Terran Infantry Armor Level 1  
  16  1:20  Concussive Shells  
  16  1:22  SCV  
  16  1:23  SCV  
  16  1:26  SCV  
  16  1:29  SCV  
  23  1:48  Reaper  
  23  1:51  Command Center  
  23  1:59  Barracks Tech Lab  
  23  2:02  Marine  
  23  2:03  Factory  
  23  2:06  Factory Tech Lab  
  23  2:08  Starport  
  23  2:12  Starport Tech Lab  
  23  2:17  Engineering Bay  
  25  2:33  SCV x6  
  25  2:36  SCV x2  
  25  2:40  Armory  
  25  2:47  Hyperflight Rotors  
  33  2:54  Terran Infantry Armor Level 2, Terran Infantry Weapons Level 2  
  33  2:59  Refinery  
  33  3:00  Refinery  
  33  3:05  Mag-Field Accelerator  
  33  3:11  Thor  
  33  3:18  Cyclone  
  33  3:19  Siege Tank, Terran Infantry Weapons Level 3  
  33  3:26  Infernal Pre-Igniter  
  33  3:27  Drilling Claws  
  33  3:28  Hellion, Smart Servos, Widow Mine  
  33  3:29  Cloaking Field  
  33  3:31  Hellbat  
  33  3:33  Terran Infantry Armor Level 3  
  33  3:35  Command Center  
  33  3:37  Refinery  
  33  3:41  Refinery  
  33  3:49  Command Center  
  51  4:22  Refinery  
  51  4:25  Refinery  
  51  4:53  Fusion Core  
  51  4:56  Liberator  
  51  4:58  Ghost Academy, Banshee  
  51  4:59  Weapon Refit  
  51  5:03  Ghost  
  51  5:06  Raven  
  51  5:08  Viking, Medivac  
  51  5:10  Marauder  
  51  5:14  Hi-Sec Auto Tracking  
  51  5:23  Personal Cloaking  
  51  5:34  Advanced Ballistics  
  55  5:41  Liberator  
  67  5:48  Viking, Rapid Reignition System  
  67  5:49  Medivac  
  48  6:10  Battlecruiser  
  40  6:15  Terran Vehicle Weapons Level 1  
  38  6:19  Banshee  
  38  6:22  SCV  
  38  6:23  SCV x2  
  38  6:24  SCV x2  
  42  6:27  Raven  
  42  6:36  Terran Vehicle Weapons Level 3  
  47  6:41  Terran Vehicle And Ship Armor Level 3  
  47  6:45  Terran Vehicle Weapons Level 2  
  47  6:46  Terran Ship Weapons Level 3  
  47  6:47  Terran Ship Weapons Level 2  
  47  6:50  Terran Vehicle And Ship Armor Level 2  
  47  6:51  Neosteel Armor  
  47  6:54  Cyclone  
  47  6:55  Siege Tank  
  47  6:59  Thor  
  49  7:02  Hellion  
  49  7:03  Widow Mine  
  49  7:05  Terran Vehicle And Ship Armor Level 1  
  49  7:06  Terran Ship Weapons Level 1  
  49  7:07  Hellbat  
  58  7:22  Reaper  
  55  7:29  Ghost  
  63  7:33  Marauder  
  63  7:35  Marine  
  58  8:02  SCV x2  
  47  8:06  SCV  
  50  8:47  Barracks Reactor  
  50  8:50  Factory Reactor  
  50  8:51  Starport Reactor  
  50  8:53  Bunker  
  50  8:54  Missile Turret  
  50  8:56  Sensor Tower, Planetary Fortress  
  50  9:07  Liberator x4  
Tags
 
Composition
Mech
Matchup
TvZ
Spawn Locations
Cross Positions
Strategy
Banshee Rush
Add a new tag
Caveats
  • Supply blocks, unpowered buildings, or Contaminate may cause inaccurate times.
  • Supply counts are checked every 10 seconds.